 Dungeon Crawl Stone Soup version 0.30-a0-23-ge60ba3568b (webtiles) character file.

Game seed: 599602962664137355

153 SensoryNuts the Chopper (level 5, -1/46 HPs)
             Began as a Hill Orc Fighter on Aug 24, 2022.
             Was an Initiate of Beogh.
             Slain by a water moccasin (8 damage)
             ... on level 4 of the Dungeon.
             The game lasted 00:03:42 (4381 turns).

SensoryNuts the Chopper (Hill Orc Fighter)          Turns: 4381, Time: 00:03:44

Health: -1/46      AC:  9    Str: 21    XL:     5   Next: 35%
Magic:  5/5        EV:  8    Int:  8    God:    Beogh [......]
Gold:   228        SH:  8    Dex: 10    Spells: 4/4 levels left

rFire   . . .      SeeInvis .    a - +0 war axe
rCold   . . .      Faith    .    k - +0 kite shield
rNeg    . . .      Spirit   .    b - +0 scale mail
rPois   .          Reflect  .    (no helmet)
rElec   .          Harm     .    (no cloak)
rCorr   .          Rampage  .    (no gloves)
Will    .....                    o - +1 pair of boots
Stlth   ..........               (no amulet)
HPRegen 0.15/turn                (no ring)
MPRegen 0.09/turn                (no ring)

@: lethally poisoned (-1 -> -16)
A: no striking features
a: Renounce Religion


You were on level 4 of the Dungeon.
You worshipped Beogh.
Beogh was noncommittal.
You visited 1 branch of the dungeon, and saw 4 of its levels.

You collected 228 gold pieces.

Inventory:

Hand Weapons
 a - a +0 war axe (weapon)
Armour
 b - a +0 scale mail (worn)
 k - a +0 kite shield (worn)
 o - a +1 pair of boots (worn)
Wands
 m - a wand of iceblast (6)
 p - a wand of digging (5)
Potions
 c - a potion of ambrosia
 d - a potion of might
 e - a potion of mutation
 n - 2 potions of magic


   Skills:
 + Level 4.2 Fighting
 * Level 5.1 Axes
 + Level 4.0 Armour
 + Level 0.7 Dodging
 + Level 0.1 Stealth
 + Level 3.9 Shields


You had 4 spell levels left.
You didn't know any spells.
Your spell library was empty.

Dungeon Overview and Level Annotations

Branches:
Dungeon (4/15)
 Temple: D:4-7

Altars:

Annotations:
D:3 Pikel


Message History

You hit the water moccasin.
The water moccasin is severely wounded.
The water moccasin bites you.
The water moccasin bites you but does no damage.
You miss the water moccasin.
The water moccasin is severely wounded.
The water moccasin bites you but does no damage.
You block the water moccasin's attack.
You miss the water moccasin.
The water moccasin is severely wounded.
The water moccasin completely misses you.
You block the water moccasin's attack.
You closely miss the water moccasin.
The water moccasin is severely wounded.
You block the water moccasin's attack. The water moccasin bites you.
You are poisoned.
The water moccasin poisons you!
You closely miss the water moccasin.
The water moccasin is severely wounded.
You feel very sick. The water moccasin bites you. The water moccasin bites you!
* * * LOW HITPOINT WARNING * * *
You are lethally poisoned!
The water moccasin poisons you!
You feel better. The water moccasin bites you.
The water moccasin barely misses you.
The water moccasin completely misses you.
You see here 10 gold pieces.
The water moccasin bites you!
* * * LOW HITPOINT WARNING * * *
You hit the water moccasin.
The water moccasin is almost dead.
The water moccasin bites you but does no damage.
You hit the water moccasin.
The water moccasin is almost dead.
The water moccasin bites you.
* * * LOW HITPOINT WARNING * * *
You are lethally poisoned!
The water moccasin poisons you! The water moccasin bites you!
You die...

..# .............. .. ..
....#.......#.. ..###.
....#.......#..
#...#.####...##........#
......................##
............# ##.......#
#.......# ##.......#
#..S...####........#
###@................
#............#.#..
#...#####....#.### #####
########


You could see a water moccasin.

Vanquished Creatures
  A lemure (D:3)
  An iguana (D:4)
  4 adders (D:2)
  A dart slug (D:4)
  9 orcs (D:3)
  10 bats
  4 endoplasms
  2 giant cockroaches
  6 goblins
  6 hobgoblins
  10 jackals
  4 quokkas
  4 ball pythons
  A frilled lizard (D:1)
  4 kobolds
  6 rats
73 creatures vanquished.

Vanquished Creatures (others)
  2 orc priests (D:3)
  An orc (D:3)
  An endoplasm (D:3)
  2 fungi (D:3)
  8 plants (D:3)
  4 toadstools (D:1)
18 creatures vanquished.

Grand Total: 91 creatures vanquished

Notes
Turn   | Place    | Note
-------+----------+-------------------------------------------
     0 | D:1      | SensoryNuts the Hill Orc Fighter began the quest for the
                  | Orb.
     0 | D:1      | Reached XP level 1. HP: 19/19 MP: 1/1
   200 | D:1      | Reached XP level 2. HP: 23/27 MP: 2/2
   352 | D:1      | Reached skill level 3 in Axes
   728 | D:1      | Reached XP level 3. HP: 32/33 MP: 3/3
  1098 | D:2      | Reached skill level 4 in Axes
  1098 | D:2      | Reached XP level 4. HP: 17/40 MP: 4/4
  2101 | D:3      | Found a faded altar of an unknown god.
  2211 | D:3      | Became a worshipper of Beogh the Brigand
  2805 | D:3      | Reached XP level 5. HP: 31/46 MP: 5/5
  3522 | D:4      | Noticed Pikel
  3522 | D:4      | Noticed a lemure
  3522 | D:4      | Noticed a lemure
  3522 | D:4      | Noticed a lemure
  3522 | D:4      | Noticed a lemure
  3536 | D:3      | Killed a lemure
  4279 | D:4      | Reached skill level 5 in Axes
  4366 | D:4      | Noticed a water moccasin
  4381 | D:4      | Slain by a water moccasin

Illustrated notes

Levels and vault maps discovered:
D:1:      ldierk_walled_garden_2, layout_basic
D:2:      layout_basic
D:3:      cheibrodos_pilgrimage, layout_basic,
          shapermc_ecumenical_altar_mp_urbaneastern
D:4:      layout_cave_pools, uniq_menkaure, uniq_pikel

Skill      XL: |  1  2  3  4  5 |
---------------+----------------+-----
Fighting       | 4 |  4.2
Axes           | 3 4 5 |  5.1
Armour         | 4 |  4.0
Dodging        | |  0.7
Stealth        | |  0.1
Shields        | |  3.9

Action                   |  1- 3 |  4- 6 || total
-------------------------+-------+-------++-------
Melee: War axe           |   104 |   127 ||   231
Invok: Convert to Beogh  |       |     1 ||     1
  Use: Scroll            |     2 |     9 ||    11
       Potion            |       |     5 ||     5
Armor: Scale mail        |    43 |    69 ||   112
Dodge: Dodged            |    78 |    60 ||   138
Block: Buckler           |    30 |    12 ||    42
       Kite shield       |       |    38 ||    38

Table legend: (Time is in decaauts)
 A = Elapsed time spent in this place.
 B = Non-inter-level travel time spent in this place.
 C = Inter-level travel time spent in this place.
 D = Time resting spent in this place.
 E = Time spent auto-exploring this place.
 F = Levels seen in this place.
 G = Mean time per level.
                   A        B        C        D        E       F      G
               +--------+--------+--------+--------+--------+-----+--------+
         Total |   4472 |   4254 |    218 |    988 |   2659 |   4 | 1118.0 |
       Dungeon |   4472 |   4254 |    218 |    988 |   2659 |   4 | 1118.0 |
               +--------+--------+--------+--------+--------+-----+--------+

Top non-repeatable levels by time:
     D:3: 2273 daAuts
     D:2: 1157 daAuts
     D:1: 888 daAuts
     D:4: 153 daAuts
